 Dungeon Crawl Stone Soup version 0.25-b1-23-ge2ad7d536c (webtiles) character file.

Game seed: 18079047652586328361, levelgen mode: deterministic

6360 DDFiAutism the Cleaver (level 10, -3/81 HPs)
             Began as a Deep Dwarf Fighter on May 31, 2020.
             Was a Follower of Makhleb.
             Slain by a sun demon (14 damage)
             ... summoned by a kobold demonologist
             ... on level 9 of the Dungeon.
             The game lasted 00:08:25 (5113 turns).

DDFiAutism the Cleaver (Deep Dwarf Fighter)         Turns: 5113, Time: 00:08:26

Health: -3/81      AC:  9    Str: 26    XL:     10   Next: 65%
Magic:  4/4        EV:  7    Int: 11    God:    Makhleb [*.....]
Gold:   259        SH: 15    Dex: 12    Spells: 9/9 levels left

rFire    . . .     SeeInvis .   a - +2 broad axe
rCold    . . .     Gourm    .   c - +0 kite shield
rNeg     . . .     Faith    .   p - +0 scale mail
rPois    .         Spirit   .   y - +2 hat {Int+3}
rElec    .         Reflect  +   (no cloak)
rCorr    .         Harm     .   (no gloves)
MR       +....                  (no boots)
Stlth    ..........             r - amulet of reflection
HPRegen  0.00/turn              e - ring of flight
MPRegen  0.09/turn              (no ring)

@: non-regenerating
A: damage resistance, heal wounds, low mp 1, sense surroundings 2, strong 1, no
regeneration
a: Heal Wounds, Renounce Religion, Evoke Flight


You were on level 9 of the Dungeon.
You worshipped Makhleb.
Makhleb was aware of your devotion.
You were not hungry.

You visited 2 branches of the dungeon, and saw 10 of its levels.
You also visited: Bailey.

You collected 259 gold pieces.

Inventory:

Hand Weapons
 a - a +2 broad axe (weapon)
 b - a +0 spear of venom
 B - a +1 war axe
Missiles
 u - 3 throwing nets (quivered) {!f}
Armour
 c - a +0 kite shield (worn)
 p - a +0 scale mail (worn)
 y - a +2 hat of intelligence (worn)
Jewellery
 e - a ring of flight (left hand)
 q - an uncursed ring of ice
 r - an amulet of reflection (around neck)
Scrolls
 i - 3 scrolls of teleportation {!r}
 j - a scroll of enchant armour {!r, unknown}
 n - a scroll of blinking {!r}
 s - 2 scrolls of remove curse {!r}
 w - a scroll of magic mapping {!r}
Potions
 d - a potion of might {!q}
 g - a potion of lignification {!q, unknown}
 h - a potion of mutation {!q}
 k - a potion of ambrosia {!q, unknown}
 l - a potion of curing {!q}
 o - 2 potions of stabbing {!q}
 t - 3 potions of heal wounds {!q}
 x - a potion of haste {!q}
 z - a potion of flight {!q}
 A - a potion of brilliance {!q}
Comestibles
 f - 21 rations
 v - 9 chunks of flesh


   Skills:
 - Level 2.6 Fighting
 + Level 13.7 Axes
 + Level 7.0 Armour
 - Level 3.2 Shields
 + Level 7.2 Invocations
 - Level 7.4 Evocations


You had 9 spell levels left.
You didn't know any spells.
Your spell library contained the following spells:

 Spells                   Type           Power        Failure   Level  Hunger
 Confusing Touch          Hex            #.......     100%        3    ####...
 Gell's Gravitas          Tloc           #.........   100%        3    ####...
 Petrify                  Tmut/Erth      #.......     100%        4    #####..
 Metabolic Englaciation   Hex/Ice        #.........   100%        5    ######.
 Yara's Violent Unravell  Hex/Tmut       #.........   100%        5    ######.


Dungeon Overview and Level Annotations

Branches:
Dungeon (9/15)             Temple (1/1) D:7          Bailey (visited)
   Lair: D:8-11         Orc: D:9-12

Altars:
Cheibriados
Makhleb
Nemelex Xobeh
Okawaru
Qazlal
Trog
Vehumet
Xom
Zin

Shops:
D:8 %   D:9 (


Innate Abilities, Weirdness & Mutations

You are resistant to damage.
You can heal yourself by infusing magical energy.
You passively map the area around you.
You do not regenerate.
Your magical capacity is low. (-10% MP)
Your muscles are strong. (Str +2)


Message History

The ufetubus hits you but does no damage.
The sun demon hits you!!
* * * LOW HITPOINT WARNING * * *
You are engulfed in flames!
* * * LOW HITPOINT WARNING * * *
Unknown command.
You feel much better. The ufetubus hits you.
You block the ufetubus's attack. x2
The ufetubus barely misses you. You block the deep elf mage's attack.
The sun demon hits you!
* * * LOW HITPOINT WARNING * * *
You are engulfed in flames!!
* * * LOW HITPOINT WARNING * * *
The ufetubus hits you but does no damage. x2
Unknown command.
You feel much better.
The ufetubus hits you but does no damage.
You block the ufetubus's attack. The sun demon hits you!!
* * * LOW HITPOINT WARNING * * *
You are engulfed in flames!!
You die...

##.# ##.......###...###
#.###...###....###...###
#.##...##[##.....###...###
#.#...#....#.#.#.#.###...######
*
*.#........#..#.#.#.####.......
,, #....##.......%... ,#.......
,###......#..#.#.# . #.......
###....#.#5#.#.##.*#...#### ,
,###.##53@..###.. #..)# , , ,
###.35e###..). #...# ,
###.aKWZ...} #...# ######)[..
#...# ,, , , *#####.} #...# ,,
, , #####.*#...#### , , ,
..###.,#....... ,, ,, ,
....####..##### , * ** *
........(##


You could see a sun demon (summoned), a deep elf mage, a kobold demonologist, a
ynoxinul (summoned), a shadow, a worker ant, 3 ufetubi and a hound zombie.

Vanquished Creatures
  Gastronok (D:8)
  A two-headed ogre (D:8)
  Pikel (D:5)
  A troll (D:9)
  Prince Ribbit (D:7)
  A hippogriff (D:7)
  2 humans (D:7)
  A sky beast (D:6)
  2 ice beasts
  4 ogres
  A black bear (D:9)
  4 centaurs
  A big kobold (D:8)
  2 bullfrogs
  A water moccasin zombie (D:7)
  2 scorpions
  5 wights (D:8)
  An electric eel (D:8)
  3 crimson imps
  A bullfrog zombie (D:8)
  3 jellies
  6 hounds
  2 gnoll shamans
  2 orc priests (D:7)
  A bullfrog skeleton (D:9)
  3 orc wizards
  3 iguanas
  Natasha (thrice) (D:4)
  5 worker ants
  A hound skeleton (D:7)
  A howler monkey skeleton (D:9)
  16 gnolls
  7 adders
  An ooze (D:1)
  An adder skeleton (D:8)
  A worm (D:3)
  A dart slug (D:2)
  8 leopard geckos
  28 orcs
  5 giant cockroaches
  3 goblins (D:1)
  2 hobgoblins (D:3)
  6 jackals
  6 kobolds
  5 quokkas
  A jackal zombie (D:6)
  4 rats (D:3)
161 creatures vanquished.

Notes
Turn   | Place    | Note
-------+----------+-------------------------------------------
     0 | D:1      | DDFiAutism the Deep Dwarf Fighter began the quest for the
                  | Orb.
     0 | D:1      | Reached XP level 1. HP: 20/20 MP: 1/1
    89 | D:1      | Reached skill level 3 in Axes
    89 | D:1      | Reached XP level 2. HP: 27/27 MP: 2/2
   292 | D:3      | Noticed a crimson imp
   318 | D:3      | Killed a crimson imp
   318 | D:3      | Reached skill level 4 in Axes
   318 | D:3      | Reached XP level 3. HP: 31/33 MP: 3/3
   352 | D:3      | Noticed a scorpion
   359 | D:3      | Killed a scorpion
   359 | D:3      | Reached skill level 5 in Axes
   359 | D:3      | Reached XP level 4. HP: 23/40 MP: 4/4
   459 | D:3      | Reached XP level 5. HP: 43/46 MP: 5/5
   464 | D:3      | Reached skill level 6 in Axes
   707 | D:4      | Noticed Natasha
   717 | D:4      | Killed Natasha
   853 | D:4      | Reached skill level 7 in Axes
   856 | D:4      | Reached XP level 6. HP: 37/55 MP: 6/6
   944 | D:4      | Found a stormy altar of Qazlal.
  1140 | D:4      | Noticed Natasha
  1141 | D:4      | Found a stormy altar of Qazlal.
  1149 | D:4      | Killed Natasha
  1150 | D:4      | Noticed an air elemental
  1150 | D:4      | Noticed a water elemental
  1150 | D:4      | Noticed a fire elemental
  1242 | D:4      | Noticed Natasha
  1250 | D:4      | Killed Natasha
  1305 | D:5      | Entered Level 5 of the Dungeon
  1309 | D:5      | Reached skill level 8 in Axes
  1379 | D:5      | Reached XP level 7. HP: 41/61 MP: 6/6
  1619 | D:5      | Reached skill level 9 in Axes
  1674 | D:5      | Noticed Pikel
  1711 | D:5      | Killed Pikel
  1711 | D:5      | Reached skill level 10 in Axes
  1711 | D:5      | Reached XP level 8. HP: 26/68 MP: 4/4
  1840 | D:5      | Found a bloodstained altar of Trog.
  1886 | D:5      | Reached skill level 11 in Axes
  2124 | D:6      | Reached skill level 1 in Evocations
  2891 | D:7      | Reached skill level 5 in Evocations
  2905 | D:7      | Found an iron altar of Okawaru.
  2918 | D:7      | Gained mutation: You passively map the area around you.
                  | [Deep Dwarf growth]
  2918 | D:7      | Reached XP level 9. HP: 57/74 MP: 7/9
  2983 | D:7      | Reached skill level 12 in Axes
  3086 | D:7      | Noticed Prince Ribbit
  3113 | D:7      | Found a flagged portal.
  3146 | D:7      | Killed Prince Ribbit
  3226 | D:7      | Found a staircase to the Ecumenical Temple.
  3241 | Temple   | Entered the Ecumenical Temple
  3258 | Temple   | Became a worshipper of Makhleb the Destroyer
  3299 | Bailey   | Entered a bailey
  3442 | D:7      | Reached skill level 1 in Invocations
  3905 | D:8      | Noticed Gastronok
  3930 | D:8      | HP: 3/74 [Gastronok/the air (29)]
  3938 | D:8      | Killed Gastronok
  3938 | D:8      | Reached skill level 13 in Axes
  3938 | D:8      | Reached skill level 5 in Armour
  3938 | D:8      | Reached skill level 5 in Invocations
  3938 | D:8      | Reached XP level 10. HP: 45/81 MP: 6/6
  4134 | D:8      | Found Luziar's Food Shop.
  4269 | D:8      | Noticed a two-headed ogre
  4272 | D:8      | Gained mutation: You occasionally shout uncontrollably at
                  | your foes. [potion of mutation]
  4272 | D:8      | Gained mutation: Your magical capacity is low. (-10% MP)
                  | [potion of mutation]
  4272 | D:8      | Lost mutation: You occasionally shout uncontrollably at
                  | your foes. [potion of mutation]
  4272 | D:8      | Gained mutation: Your muscles are strong. (Str +2) [potion
                  | of mutation]
  4279 | D:8      | Killed a two-headed ogre
  4463 | D:9      | Found Faruwk's Antique Weapon Shop.
  4608 | D:9      | Found a shimmering altar of Xom.
  4808 | D:9      | Reached * piety under Makhleb
  5098 | D:9      | Noticed a deep elf mage
  5110 | D:9      | Noticed a sun demon
  5113 | D:9      | Slain by a sun demon

Illustrated notes

Levels and vault maps discovered:
D:1:      dpeg_arrival_tiny_d, layout_basic
D:2:      layout_loops_ring, marbit_many_paths, st_stairs_7
D:3:      layout_loops_ring, old_standard_altar
D:4:      layout_layer_cave, lemuel_round_altar,
          nicolae_qazlal_style_of_elements, uniq_natasha
D:5:      layout_rooms, basic_altar, first_ration, mrwooster_statue_mirror,
          grunt_ministairs_12, uniq_pikel
D:6:      layout_loops_ring
D:7:      layout_basic, okawaru_humans, minmay_temple_entry_trees,
          enter_bailey_6, uniq_prince_ribbit1, uniq_harold
D:8:      layout_loops_ring, kennysheep_mini, special_room [special_room_orc],
          serial_bayou, serial_bayou_shore_b, serial_bayou_pond_a,
          serial_bayou_lagoon_a, serial_bayou_ford_a, serial_shops,
          shop_fountains, grunt_ogre_cave, hangedman_abyss_or_decor_lesser_grid,
          uniq_gastronok
D:9:      minmay_the_grid_triangle_9x9_rhombus_thin_mashed
          [minmay_the_grid_triangle_9x9_zippers_vertical,
          minmay_the_grid_triangle_9x9_prize_insulated,
          minmay_the_grid_triangle_9x9_sprig,
          minmay_the_grid_triangle_9x9_dagger], layout_long_grid,
          nicolae_overflow_hidden_temple, basic_altar, serial_shops,
          nicolae_shop_window_shopping
Temple:   compressed_dpeg_circular_temple

Skill      XL: |  1  2  3  4  5  6  7  8  9 10 |
---------------+-------------------------------+-----
Axes           | 3 4 5 7 8 10 11 13 | 13.7
Evocations     | 5 7 |  7.4
Invocations    | 5 7 |  7.2
Armour         | 5 7 |  7.0
Fighting       | |  2.6
Shields        | |  3.2

Action                   |  1- 3 |  4- 6 |  7- 9 | 10-12 || total
-------------------------+-------+-------+-------+-------++-------
Melee: War axe           |    65 |   124 |   309 |    96 ||   594
       Spear             |       |       |     8 |       ||     8
       Broad axe         |       |       |       |    19 ||    19
Throw: Throwing net      |       |       |     1 |     1 ||     2
 Abil: Heal Wounds       |     1 |     5 |    18 |     8 ||    32
  Use: Scroll            |       |     5 |     1 |    10 ||    16
       Potion            |       |       |     1 |     1 ||     2
 Stab: Held in net/web   |       |       |       |     1 ||     1
  Eat: Chunk             |       |     2 |     8 |     1 ||    11
       Ration            |       |       |       |     1 ||     1
Armor: Scale mail        |    19 |    53 |    68 |    29 ||   169
Dodge: Dodged            |    21 |    38 |    48 |    18 ||   125
Block: Kite shield       |    24 |    74 |   207 |    73 ||   378
       Reflection        |       |       |     6 |       ||     6
